 Dungeon Crawl Stone Soup version 0.27.1-34-g3ba077fa99 (webtiles) character file.

Game seed: 3007200420065595674

58 Gabide the Poker (level 4, 0/35 HPs)
             Began as a Human Monk on Jan 7, 2022.
             Succumbed to an adder's poison
             ... on level 3 of the Dungeon.
             The game lasted 00:02:44 (2848 turns).

Gabide the Poker (Human Monk)                       Turns: 2848, Time: 00:02:44

Health: 0/35       AC:  4    Str: 11    XL:     4   Next: 21%
Magic:  1/4        EV: 13    Int: 11    God:
Gold:   12         SH:  0    Dex: 16    Spells: 3/3 levels left

rFire    . . .     SeeInvis .   a - +0 spear
rCold    . . .     Faith    .   (no shield)
rNeg     . . .     Spirit   +   b - +0 robe
rPois    .         Reflect  .   (no helmet)
rElec    .         Harm     .   (no cloak)
rCorr    .         Rampage  .   c - +1 pair of gloves
Will     .....                  (no boots)
Stlth    ++........             e - amulet of guardian spirit
HPRegen  0.11/turn              (no ring)
MPRegen  0.09/turn              (no ring)

@: lethally poisoned (0 -> -5)
A: no striking features
a: no special abilities


You were on level 3 of the Dungeon.
You visited 1 branch of the dungeon, and saw 3 of its levels.

You collected 12 gold pieces.

Inventory:

Hand Weapons
 a - a +0 spear (weapon)
Armour
 b - a +0 robe (worn)
 c - a +1 pair of gloves (worn)
Jewellery
 e - an amulet of guardian spirit (around neck)
Scrolls
 d - a scroll of teleportation
Potions
 f - a potion of berserk rage
 i - a potion of haste


   Skills:
 * Level 3.3 Fighting
 * Level 3.8 Polearms
 * Level 3.6 Dodging
 + Level 2.3 Stealth


You had 3 spell levels left.
You didn't know any spells.
Your spell library was empty.

Dungeon Overview and Level Annotations

Branches:
Dungeon (3/15)

Altars:

Annotations:
D:3 Purgy


Message History

Purgy is lightly wounded.
Purgy bites you. Purgy claws you but does no damage. x2
You barely miss Purgy. Purgy closely misses you. Purgy misses you.
Purgy closely misses you.
You hit Purgy.
Purgy is lightly wounded.
Purgy barely misses you. Purgy claws you but does no damage. Purgy claws you.
You hit Purgy but do no damage.
Purgy is lightly wounded.
The adder barely misses you.
Purgy barely misses you. x2; Purgy claws you.
You barely miss Purgy.
Purgy is lightly wounded.
The adder bites you.
You barely miss Purgy.
Purgy is lightly wounded.
The adder bites you but does no damage. Purgy bites you.
Purgy claws you but does no damage. Purgy barely misses you.
The adder bites you but does no damage.
You hit Purgy.
Purgy is lightly wounded.
Purgy bites you. Purgy closely misses you. Purgy claws you.
The adder completely misses you.
You hit Purgy.
Purgy is lightly wounded.
Purgy bites you. Purgy completely misses you. Purgy misses you.
The adder closely misses you.
You are too injured to fight recklessly!
The adder bites you.
You are poisoned.
The adder poisons you! Purgy bites you!
* * * LOW HITPOINT WARNING * * *
Purgy closely misses you. Purgy claws you but does no damage.
* * * LOW HITPOINT WARNING * * *
You feel sick. The adder bites you.
* * * LOW HITPOINT WARNING * * *
You see here 25 arrows.
Okay, then.
* * * LOW HITPOINT WARNING * * *
You feel sick.
You die...

#.# ####(#######
#..........# #
#.##.....#.#
#.#.######.#.######
##.##.#.## #.#.##...#
#........#####.#......#
#..##.......##.####...#
####.##@##.# ##.##
##.##.##.#####.#
#...T........#.#
#.)..S....###.#.#
#...#..#.## #.#.#
#...#..#.# #.#.#
.....#..#.# #.#.#
###.#.#..#.# #.#.#
....#..#.####.#.#


You could see Purgy and an adder.

Vanquished Creatures
  An adder (D:2)
  A worm (D:2)
  A dart slug (D:2)
  7 endoplasms
  2 giant cockroaches (D:1)
  6 goblins
  4 kobolds
  4 quokkas
  5 ball pythons
  4 bats
  A frilled lizard (D:1)
  3 rats
39 creatures vanquished.

Notes
Turn   | Place    | Note
-------+----------+-------------------------------------------
     0 | D:1      | Gabide the Human Monk began the quest for the Orb.
     0 | D:1      | Reached XP level 1. HP: 18/18 MP: 1/1
   197 | D:1      | Reached XP level 2. HP: 8/24 MP: 2/2
   829 | D:1      | Found a faded altar of an unknown god.
   869 | D:1      | Reached XP level 3. HP: 29/29 MP: 3/3
  2334 | D:2      | Reached XP level 4. HP: 17/35 MP: 4/4
  2831 | D:3      | Noticed Purgy
  2847 | D:3      | HP: 1/35 [poisoned by an adder]
  2848 | D:3      | Succumbed to an adder's poison

Illustrated notes

Levels and vault maps discovered:
D:1:      dpeg_arrival_three_same_balls, layout_loops_ring,
          hellmonk_ecumenical_altar_run_dry, serial_co_window_serial,
          co_window_of_opportunity_a, co_window_paths_b, co_window_corner_a,
          co_window_paths_a, co_window_corner_a, co_window_broadway_a,
          co_window_paths_c, co_window_corner_cb, co_window_paths_d
D:2:      layout_loops_ring, kennysheep_generic_room_16
D:3:      layout_loops_ring, mainiacjoe_overflow_concentric_impassable,
          grunt_decor_clamped, uniq_purgy, uniq_grinder

Action                   |  1- 3 |  4- 6 || total
-------------------------+-------+-------++-------
Melee: Spear             |   128 |    23 ||   151
  Use: Scroll            |     2 |     4 ||     6
 Stab: Sleeping          |     6 |       ||     6
Armor: Robe              |    21 |    10 ||    31
Dodge: Dodged            |    58 |    22 ||    80
